 Dungeon Crawl Stone Soup version 0.28.0-56-g4927b6849a (webtiles) character file.

Game seed: 11534686583783001366

37 cbfl8 the Chopper (level 3, -9/34 HPs)
             Began as a Minotaur Berserker on Jan 27, 2023.
             Was a Follower of Trog.
             Mangled by an iguana (13 damage)
             ... on level 1 of the Dungeon.
             The game lasted 00:00:47 (1264 turns).

cbfl8 the Chopper (Minotaur Berserker)              Turns: 1264, Time: 00:00:48

Health: -9/34      AC:  2    Str: 21    XL:     3   Next: 21%
Magic:  2/2        EV: 12    Int:  4    God:    Trog [*.....]
Gold:   76         SH:  0    Dex: 11    Spells: 2/2 levels left

rFire   . . .      SeeInvis .   g - +0 war axe
rCold   . . .      Faith    .   (no shield)
rNeg    . . .      Spirit   .   b - +0 animal skin
rPois   .          Reflect  .   (helmet restricted)
rElec   .          Harm     .   (no cloak)
rCorr   .          Rampage  .   (no gloves)
Will    .....                   (no boots)
Stlth   +.........              (no amulet)
HPRegen 0.11/turn               (no ring)
MPRegen 0.08/turn               (no ring)

@: attractive
A: horns 2, retaliatory headbutt
a: Renounce Religion, Berserk


You were on level 1 of the Dungeon.
You worshipped Trog.
Trog was aware of your devotion.
You visited 1 branch of the dungeon, and saw 2 of its levels.

You collected 76 gold pieces.

Inventory:

Hand Weapons
 g - a +0 war axe (weapon)
Armour
 b - a +0 animal skin (worn)
Scrolls
 d - 2 scrolls of blinking {unknown}
 e - a scroll of vulnerability {unknown}
 f - a scroll of immolation {unknown}


   Skills:
 + Level 4.3 Fighting
 + Level 4.4 Axes
 + Level 2.5 Armour
 + Level 2.5 Dodging


You had 2 spell levels left.
You didn't know any spells.
Your spell library was empty.

Dungeon Overview and Level Annotations

Branches:
Dungeon (2/15)

Altars:


Innate Abilities, Weirdness & Mutations

You have a pair of horns on your head.
You reflexively headbutt those who attack you in melee.


Message History

You feel yourself moving faster!
You feel mighty!
You feel sick. The adder barely misses you.
You barely miss the adder. Your headbutt misses the adder.
You feel sick. The adder misses you.
You barely miss the adder.
You feel sick. The adder bites you.
* * * LOW HITPOINT WARNING * * *
The adder barely misses you. You furiously retaliate!
You headbutt the adder!!
You kill the adder!
Trog accepts your kill.
You have reached level 3!
Your experience leads to an increase in your attributes!
Increase (S)trength, (I)ntelligence, or (D)exterity?
You feel agile. x2
You start resting.
You feel sick.
You are no longer poisoned.
You start resting.
You feel a strong urge to attack something.
You start resting.
You feel your anger nearly subside.
You are no longer berserk.
You are exhausted.
You feel yourself slow down.
You start resting.
You feel yourself speed up.
You start resting.
You recover from your berserk rage.
You start resting.
You start resting.
HP restored.
You climb downwards.
The iguana misses you. The worm bites you but does no damage.
The iguana bites you!
There is a stone staircase leading up, spattered with blood here.
The iguana bites you!
You climb upwards.
There is a stone staircase leading down here.
It was a potion of attraction.
You feel attractive to monsters. The worm bites you!
* * * LOW HITPOINT WARNING * * *
The iguana bites you!
You die...

#.......#
####.......#
##..........#
(..##.......#####
####........[...##
.##..............##
.#................#
.#................#
.#..............@.#
.#.............lw.#
..................#
..................#
.................##
.........##.....##
......###########
......########
.....###.....#


You could see a worm and an iguana.

Vanquished Creatures
  An adder (D:1)
  3 endoplasms (D:1)
  A giant cockroach (D:1)
  3 hobgoblins (D:1)
  4 jackals (D:1)
  A kobold (D:1)
  3 quokkas (D:1)
  3 ball pythons (D:1)
  2 bats (D:1)
  3 rats (D:1)
24 creatures vanquished.

Vanquished Creatures (others)
  A fungus (D:1)
1 creature vanquished.

Grand Total: 25 creatures vanquished

Notes
Turn   | Place    | Note
-------+----------+-------------------------------------------
     0 | D:1      | cbfl8 the Minotaur Berserker began the quest for the Orb.
     0 | D:1      | Reached XP level 1. HP: 19/19 MP: 0/0
   262 | D:1      | Reached XP level 2. HP: 23/27 MP: 1/1
   913 | D:1      | Found a faded altar of an unknown god.
  1046 | D:1      | Reached XP level 3. HP: 15/34 MP: 2/2
  1264 | D:1      | Mangled by an iguana

Illustrated notes

Levels and vault maps discovered:
D:1:      elethiomel_arrival_shortcut, layout_rooms,
          shapermc_ecumenical_altar_rom_forum, grunt_decor_junction,
          minmay_misc_feat_diagonals, minmay_fountain_box, hex_intersection
D:2:      layout_basic, st_stairs_14, uniq_sigmund, uniq_jessica

Skill      XL: |  1  2 |
---------------+-------+-----
Axes           | 4 |  4.4
Fighting       | 4 |  4.3
Armour         | |  2.5
Dodging        | |  2.5

Action                   || total
-------------------------++-------
Melee: Hand axe          ||    50
       Headbutt          ||     6
       Punch             ||     2
       War axe           ||     4
Invok: Berserk           ||     1
  Use: Potion            ||     1
Armor: Animal skin       ||    13
Dodge: Dodged            ||    43
